 Dungeon Crawl Stone Soup version 0.29-a0-872-g797fff5ad1 (webtiles) character file.

Game seed: 1632533895334049223

13916 Ajdolov the Skirmisher (level 12, -12/95 HPs)
             Began as a Ghoul Hunter on July 18, 2022.
             Was a High Priest of Hepliaklqana.
             Mangled by a death yak (25 damage)
             ... on level 2 of the Lair of Beasts.
             The game lasted 00:21:12 (13088 turns).

Ajdolov the Skirmisher (Ghoul Hunter)              Turns: 13088, Time: 00:21:12

Health: -12/95     AC:  8    Str: 16    XL:     12   Next: 11%
Magic:  16/18      EV: 12    Int:  4    God:    Hepliaklqana [*****.]
Gold:   662        SH:  0    Dex: 16    Spells: 11/11 levels left

rFire   . . .      SeeInvis .   E - +0 arbalest
rCold   + . .      Faith    .   (shield currently unavailable)
rNeg    + + +      Spirit   .   C - +0 steam dragon scales
rPois   ∞          Reflect  .   a - +0 helmet
rElec   .          Harm     .   s - +0 cloak
rCorr   .          Rampage  .   h - +0 pair of gloves
Will    .....                   (no boots)
Stlth   ++........              v - amulet of the acrobat
HPRegen 0.00/turn               (no ring)
MPRegen 0.16/turn               (no ring)

@: inhibited regen
A: reduced essence, claws 1, cold resistance 1, negative energy resistance 3,
inhibited regeneration, torment resistance 2, devour on kill
a: Renounce Religion, Recall Ancestor, Ancestor Identity, Transference, Idealise


You were on level 2 of the Lair of Beasts.
You worshipped Hepliaklqana.
Hepliaklqana was extremely pleased with you.
You visited 2 branches of the dungeon, and saw 13 of its levels.

You collected 662 gold pieces.

Inventory:

Hand Weapons
 E - a +0 arbalest (weapon)
Missiles
 x - a curare-tipped dart
Armour
 a - a +0 helmet (worn)
 h - a +0 pair of gloves (worn)
 s - a +0 cloak (worn)
 C - +0 steam dragon scales (worn)
Jewellery
 v - an amulet of the acrobat (around neck)
Wands
 j - a wand of paralysis (9)
 t - a wand of flame (23)
 G - a wand of acid (8)
 J - a wand of roots (3)
Scrolls
 b - 3 scrolls of immolation
 k - 5 scrolls of teleportation
 m - 2 scrolls of amnesia
 n - 2 scrolls of enchant armour {unknown}
 o - 2 scrolls of fear
 p - 2 scrolls of blinking {unknown}
 q - 2 scrolls of silence
 r - 3 scrolls of vulnerability
 u - 4 scrolls of magic mapping
 A - a scroll of fog
 D - a scroll of noise
 F - a scroll of poison {unknown}
 H - a scroll of summoning
 L - 2 scrolls of brand weapon {unknown}
 M - a scroll of identify
Potions
 c - 2 potions of ambrosia {unknown}
 d - a potion of might {unknown}
 e - 8 potions of heal wounds
 f - 2 potions of degeneration {unknown}
 g - 2 potions of magic {unknown}
 i - 3 potions of haste {unknown}
 l - 2 potions of flight {unknown}
 w - 3 potions of lignification {unknown}
 z - a potion of brilliance {unknown}
 B - a potion of mutation {unknown}
 I - 3 potions of curing {unknown}
 K - 2 potions of resistance {unknown}
Miscellaneous
 y - a lightning rod (4/4)
 N - a tin of tremorstones (2/2)


   Skills:
 - Level 10.0 Fighting
 + Level 13.7 Ranged Weapons
 - Level 1.7 Dodging
 - Level 1.1 Stealth
 - Level 10.0 Invocations


You had 11 spell levels left.
You didn't know any spells.
Your spell library contained the following spells:

 Spells                   Type           Power      Damage    Failure   Level
 Shock                    Conj/Air       0%         1d3       50%         1
 Conjure Flame            Conj/Fire      0%         6-21      86%         3
 Gell's Gravitas          Tloc           0%         N/A       86%         3
 Ignite Poison            Fire/Tmut/Pois 0%         N/A       86%         3
 Lesser Beckoning         Tloc           0%         N/A       86%         3
 Swiftness                Air            0%         N/A       86%         3
 Teleport Other           Tloc           0%         N/A       86%         3
 Airstrike                Air            0%         0-1+      99%         4
 Animate Armour           Summ/Erth      0%         N/A       99%         4
 Sticky Flame             Conj/Fire      0%         2d3       99%         4
 Iron Shot                Conj/Erth      0%         9d1       100%        6
 Blade Hands              Tmut           Unusable   N/A       N/A         5

Dungeon Overview and Level Annotations

Branches:
Dungeon (9/15)             Temple (0/1) D:5            Lair (4/5) D:8
  Swamp (0/4) Lair:3        Snake (0/4) Lair:2          Orc (0/2) D:9
  Slime: Lair:4-5

Altars:
Ashenzari
Dithmenos
Gozag
Hepliaklqana
Nemelex Xobeh
Qazlal
Ru
Sif Muna
Uskayaw
Vehumet
Wu Jian
Yredelemnul

Annotations:
D:2 Sigmund
D:9 1 runed translucent door, emergency's ghost, novice DsFE
Lair:3 1 runed translucent door, exclusion: 2 death yaks, Feenares's ghost, journeyman DjFE


Innate Abilities, Weirdness & Mutations

Your life essence is reduced to manifest your ancestor. (-10% HP)
You are immune to poison.
You have sharp fingernails.
Your flesh is cold resistant. (rC+)
You are immune to negative energy. (rN+++)
You do not regenerate when monsters are visible.
You are immune to unholy pain and torment.
You thrive by killing the living.


Message History

Beli-Ashared hits the catoblepas with a +0 flail.
You shoot a bolt. The bolt hits the catoblepas.
The catoblepas is severely wounded.
The catoblepas gores Beli-Ashared!
Beli-Ashared hits the catoblepas with a +0 flail.
You shoot a bolt. The bolt barely misses the catoblepas.
Beli-Ashared hits the catoblepas with a +0 flail!
The catoblepas gores Beli-Ashared!!
You shoot a bolt. The bolt hits the catoblepas!
You kill the catoblepas!
Beli-Ashared blocks the death yak's attack.
Beli-Ashared hits the death yak with a +0 flail!
Beli-Ashared hits the death yak with a +0 flail.
The death yak bellows!
You hear a bellow!
The death yak completely misses you.
A death yak comes into view.
The death yak attacks as you move away! The death yak completely misses you.
The death yak attacks as you move away! The death yak barely misses you.
The death yak attacks as you move away! The death yak misses you.
The death yak attacks as you move away! The death yak barely misses you.
The death yak attacks as you move away! The death yak barely misses you.
There is an escape hatch in the ceiling here.
A mysterious force pulls you upwards. The hatch slams shut behind you.
Beli-Ashared is recalled.
The death yak gores you. The death yak gores you!!
You swap places.
The death yak attacks as you move away! The death yak gores you!!
Beli-Ashared hits the death yak with a +0 flail.
The death yak gores you. The death yak attacks as you move away!
The death yak closely misses you.
Beli-Ashared hits the death yak with a +0 flail.
You see here a +0 leather armour.
The death yak attacks as you move away! The death yak gores you!! x2
* * * LOW HITPOINT WARNING * * *
As you read the scroll of fear, it crumbles to dust.
You assume a fearsome visage.
The death yak resists with some effort.
The death yak resists with almost no effort.
Beli-Ashared barely misses the death yak.
The death yak gores you!!
You die...

#.....<..................#
####........................#
#####.##........................#
................................#
.####.#...#.....##.#.####.#.###..
..#######..#....############# #..
.#.#.##.##.....PP##P#.#..######.#
................P................
####............@Y..............#
###..#.####P##YR.##.##...###.#
##P...## #####.....#.######...
####....#####.##....#..########.#
..####..........................#
................................#
##...................)..........#
#...............................#
##..............................#


You could see the friendly Beli-Ashared the knight and 2 death yaks.

Vanquished Creatures
  2 hydras
  A catoblepas (Lair:3)
  A will-o-the-wisp (Lair:3)
  A black mamba (Lair:2)
  5 komodo dragons
  A cane toad (Lair:1)
  A polar bear (Lair:3)
  A blink frog (Lair:3)
  5 yaks
  A shadow (D:9)
  A basilisk (Lair:2)
  5 wyverns
  2 steam dragons
  A wraith (D:9)
  8 water moccasins
  2 orc warriors
  3 black bears
  4 ice beasts
  4 wolves (Lair:1)
  A kobold brigand (D:6)
  6 bullfrogs
  A necrophage (D:8)
  2 scorpions
  3 killer bees (D:8)
  3 hounds
  An orc priest (D:8)
  Jessica (D:2)
  An iguana (D:4)
  4 orc wizards
  Natasha (D:3)
  5 gnolls
  14 adders
  A shadow imp (D:6)
  A worm (D:4)
  A dart slug (D:1)
  10 orcs
  11 endoplasms
  5 giant cockroaches
  5 goblins
  12 hobgoblins
  14 jackals
  2 quokkas (D:1)
  7 ball pythons
  5 bats
  5 frilled lizards
  9 kobolds
  12 rats
192 creatures vanquished.

Vanquished Creatures (collateral kills)
  A two-headed ogre (D:9)
  A black mamba (Lair:2)
  2 cane toads
  A komodo dragon (Lair:2)
  2 blink frogs (Lair:3)
  2 wyverns
  2 yaks
  A steam dragon (D:5)
  An acid dragon (D:9)
  3 water moccasins
  An ice beast (D:7)
  A black bear (D:6)
  2 wolves (Lair:1)
  3 scorpions
  3 killer bees (D:8)
  A hound (D:6)
  2 orc priests (D:7)
  3 orc wizards
  3 gnolls (D:6)
  A white imp (D:7)
  6 orcs
  A hobgoblin (D:5)
  A kobold (D:6)
44 creatures vanquished.

Vanquished Creatures (others)
  A knight (Lair:3)
  3 fungi
  29 plants
33 creatures vanquished.

Grand Total: 269 creatures vanquished

Notes
Turn   | Place    | Note
-------+----------+-------------------------------------------
     0 | D:1      | Ajdolov the Ghoul Hunter began the quest for the Orb.
     0 | D:1      | Reached XP level 1. HP: 17/17 MP: 0/0
   134 | D:1      | Reached XP level 2. HP: 25/25 MP: 1/1
   201 | D:1      | Reached skill level 4 in Ranged Weapons
   282 | D:1      | Reached XP level 3. HP: 15/30 MP: 2/2
  1096 | D:1      | Found a faded altar of an unknown god.
  1121 | D:2      | Noticed Jessica
  1176 | D:2      | Noticed Sigmund
  1629 | D:2      | Reached XP level 4. HP: 38/38 MP: 3/3
  1874 | D:2      | Killed Jessica
  1875 | D:2      | Reached skill level 5 in Ranged Weapons
  1875 | D:2      | Reached XP level 5. HP: 43/45 MP: 4/4
  2349 | D:3      | Noticed Natasha
  2359 | D:3      | Killed Natasha
  3228 | D:4      | Reached XP level 6. HP: 32/52 MP: 5/5
  3416 | D:4      | Found a sparkling altar of Nemelex Xobeh.
  3494 | D:4      | Noticed a black bear
  3830 | D:4      | Reached skill level 6 in Ranged Weapons
  4021 | D:4      | Identified the +3 pair of gloves of the Nightingale {-Tele
                  | rElec rC+}
  4025 | D:4      | Found a hazy altar of Hepliaklqana.
  4030 | D:4      | Became a worshipper of Hepliaklqana the Forgotten
  4158 | D:4      | Noticed a black bear
  4173 | D:4      | Killed a black bear
  4190 | D:4      | Killed a black bear
  4191 | D:4      | Reached skill level 5 in Fighting
  4191 | D:4      | Reached XP level 7. HP: 29/61 MP: 6/6
  4682 | D:5      | Entered Level 5 of the Dungeon
  4682 | D:5      | Noticed a steam dragon
  4863 | D:5      | Reached skill level 7 in Ranged Weapons
  4869 | D:5      | Found a staircase to the Ecumenical Temple.
  5202 | D:5      | Reached * piety under Hepliaklqana
  5423 | D:5      | Found a radiant altar of Vehumet.
  5769 | D:5      | Killed a steam dragon
  5770 | D:5      | Reached XP level 8. HP: 63/63 MP: 7/7
  5892 | D:6      | Found an ornate altar of the Wu Jian Council.
  5909 | D:6      | Reached skill level 8 in Ranged Weapons
  5913 | D:6      | Found a hide-covered altar of Uskayaw.
  5946 | D:6      | Found a shadowy altar of Dithmenos.
  5947 | D:6      | Found a shimmering blue altar of Sif Muna.
  5947 | D:6      | Found a stormy altar of Qazlal.
  6672 | D:6      | Found an opulent altar of Gozag.
  6679 | D:6      | Reached ** piety under Hepliaklqana
  6680 | D:6      | Remembered your ancestor Beli-Ashared as a knight
  6816 | D:6      | Reached skill level 9 in Ranged Weapons
  6861 | D:6      | Noticed a wyvern
  6873 | D:6      | Killed a wyvern
  6874 | D:6      | Reached XP level 9. HP: 71/71 MP: 8/8
  7071 | D:7      | Found a sacrificial altar of Ru.
  7122 | D:7      | Reached skill level 10 in Ranged Weapons
  7626 | D:8      | Found a broken altar of Ashenzari.
  7630 | D:8      | Saw a vision of the Swamp and the Snake Pit.
  7630 | D:8      | Noticed an anaconda
  7630 | D:8      | Noticed a mana viper
  7630 | D:8      | Noticed a black mamba
  7630 | D:8      | Noticed a mana viper
  7630 | D:8      | Noticed a black mamba
  7630 | D:8      | Noticed a will-o-the-wisp
  7633 | D:8      | Noticed a naga warrior
  7911 | D:8      | Reached skill level 11 in Ranged Weapons
  7911 | D:8      | Reached XP level 10. HP: 26/81 MP: 7/9
  8591 | D:8      | Found a staircase to the Lair.
  8842 | D:9      | Reached *** piety under Hepliaklqana
  8943 | D:9      | Noticed a two-headed ogre
  8946 | D:9      | Killed a two-headed ogre
  8947 | D:9      | Reached skill level 10 in Fighting
  8947 | D:9      | Reached skill level 12 in Ranged Weapons
  9018 | D:9      | Reached skill level 1 in Invocations
  9048 | D:9      | Found a basalt altar of Yredelemnul.
  9115 | D:9      | Identified the +5 sling "Beph" {freeze, rCorr MP+9}
  9741 | D:9      | Found a staircase to the Orcish Mines.
  9752 | D:9      | Found a runed translucent door.
  9752 | D:9      | Noticed emergency's ghost (novice DsFE)
  9901 | Lair:1   | Entered Level 1 of the Lair of Beasts
 10044 | Lair:1   | Found a broken altar of Ashenzari.
 10115 | Lair:1   | Reached skill level 5 in Invocations
 10115 | Lair:1   | Reached XP level 11. HP: 89/89 MP: 13/13
 10945 | Lair:2   | Reached **** piety under Hepliaklqana
 11058 | Lair:2   | You fall into a shaft and drop 2 floors!
 11491 | Lair:2   | Found a staircase to the Snake Pit.
 11614 | Lair:2   | Noticed a five-headed hydra
 11622 | Lair:2   | Killed a five-headed hydra
 12089 | Lair:3   | Noticed a seven-headed hydra
 12095 | Lair:3   | Killed a seven-headed hydra
 12096 | Lair:3   | Reached skill level 13 in Ranged Weapons
 12447 | Lair:3   | Noticed a death yak
 12515 | Lair:3   | Found a staircase to the Swamp.
 12515 | Lair:3   | Noticed a will-o-the-wisp
 12518 | Lair:3   | Killed a will-o-the-wisp
 12541 | Lair:3   | Reached ***** piety under Hepliaklqana
 12616 | Lair:3   | Reached skill level 10 in Invocations
 12617 | Lair:3   | Reached XP level 12. HP: 78/95 MP: 15/18
 12643 | Lair:3   | Found a runed translucent door.
 12645 | Lair:3   | Noticed Feenares's ghost (journeyman DjFE)
 12758 | Lair:3   | Noticed a death yak
 12774 | Lair:3   | Noticed a death yak
 12774 | Lair:3   | Noticed a catoblepas
 12775 | Lair:3   | Noticed a death yak
 13055 | Lair:3   | Killed a catoblepas
 13074 | Lair:3   | Noticed a death yak
 13088 | Lair:2   | Mangled by a death yak

Illustrated notes

Levels and vault maps discovered:
D:1:      matt_arrival_spirals, layout_loops_ring,
          shapermc_ecumenical_altar_mp_urbaneastern, minmay_heptomino_h4
D:2:      layout_rooms, minmay_misc_feat_more_columns, uniq_sigmund,
          uniq_jessica
D:3:      layout_loops_corners, uniq_natasha
D:4:      layout_loops_ring, lemuel_doored_altar,
          nicolae_hepliaklqana_hippocampus, serial_rivers,
          chequers_serial_rivers_room_b, chequers_serial_rivers_micro_b,
          chequers_serial_rivers_micro_b, chequers_serial_rivers_micro_e,
          chequers_serial_rivers_small_3
D:5:      layout_basic, vehumet_altar_wand_db, minmay_temple_entry_waves
D:6:      layout_basic, nicolae_uskayaw_dance_hall, grunt_gozag_statues,
          chequers_temple_overflow_statue_of_worship, kennysheep_generic_room_16
D:7:      layout_rooms, mainiacjoe_overflow_chevrons
D:8:      layout_gridville, grunt_ashenzari_visionary
          [grunt_ashenzari_visionary_swamp, grunt_ashenzari_visionary_snake],
          david_lair_shrubbed, grunt_decor_cap
D:9:      layout_basic, kennysheep_ying_yang, orc_0_dummy,
          gammafunk_ghost_grave, chequers_arboretum
Lair:1:   layout_roguey, basic_altar, serial_forest, infiniplex_forest_end_2,
          infiniplex_forest_end_2, infiniplex_forest_lined_2,
          infiniplex_forest_join, infiniplex_forest_lined_3,
          infiniplex_forest_lined_2, infiniplex_forest_lined_2,
          beast_lair_carwin_1
Lair:2:   layout_long_grid, dummy_snake_entry
Lair:3:   hellmonk_destroyed_diamonds, layout_chaotic_city,
          minmay_swamp_entry_wisps, gammafunk_ghost_grave
Lair:4:   layout_small_grid, slime_entry_2, lemuel_fruit_tree

Skill      XL: |  1  2  3  4  5  6  7  8  9 10 11 |
---------------+----------------------------------+-----
Ranged Weapons | 4 5 6 7 9 11 12 13 | 13.7
Fighting       | 3 4 5 6 7 8 10 | 10.0
Invocations    | 5 10 | 10.0
Dodging        | |  1.7
Stealth        | |  1.1

Action                   |  1- 3 |  4- 6 |  7- 9 | 10-12 || total
-------------------------+-------+-------+-------+-------++-------
 Fire: Shortbow          |   139 |   182 |   278 |       ||   599
       Arbalest          |       |       |    25 |   210 ||   235
Invok: Recall Ancestor   |       |       |     4 |    10 ||    14
       Ancestor Life: Kn |       |       |     1 |       ||     1
Evoke: Wand              |       |     7 |     7 |     1 ||    15
  Use: Scroll            |       |     5 |     3 |     5 ||    13
Armor: Leather armour    |    38 |    34 |    45 |       ||   117
       Steam dragon scal |       |       |    29 |    30 ||    59
Dodge: Dodged            |    85 |    65 |   105 |    71 ||   326

Table legend: (Time is in decaauts)
 A = Elapsed time spent in this place.
 B = Non-inter-level travel time spent in this place.
 C = Inter-level travel time spent in this place.
 D = Time resting spent in this place.
 E = Time spent auto-exploring this place.
 F = Levels seen in this place.
 G = Mean time per level.
                   A        B        C        D        E       F      G
               +--------+--------+--------+--------+--------+-----+--------+
         Total |  13296 |  12866 |    430 |   2675 |   7644 |  13 | 1022.8 |
       Dungeon |  10063 |   9696 |    367 |   1934 |   5840 |   9 | 1118.1 |
          Lair |   3233 |   3170 |     63 |    741 |   1804 |   4 |  808.2 |
               +--------+--------+--------+--------+--------+-----+--------+

Top non-repeatable levels by time:
     D:4: 1836 daAuts
     D:1: 1519 daAuts
     D:8: 1293 daAuts
  Lair:2: 1133 daAuts
     D:3: 1117 daAuts
     D:6: 1098 daAuts
     D:9: 1029 daAuts
  Lair:1: 1023 daAuts
  Lair:3: 950 daAuts
     D:5: 946 daAuts
     D:7: 626 daAuts
     D:2: 595 daAuts
  Lair:4: 125 daAuts
